 Dungeon Crawl Stone Soup version 0.31-a0-557-g6e16503903 (webtiles) character file.

Game seed: 5985974374548567212

16522 IdlyInterested the Fighter (level 12, -3/92 (95) HPs)
             Began as a Demonspawn Fighter on Aug 16, 2023.
             Slain by Rupert
             ... wielding a +1 great mace of protection
              (17 damage)
             ... on level 12 of the Dungeon.
             The game lasted 00:43:13 (13031 turns).

IdlyInterested the Fighter (Demonspawn Fighter)    Turns: 13031, Time: 00:43:14

HP:   -3/92 (95)    AC: 18    Str: 17    XL:     12   Next: 10%
MP:   12/12         EV: 21    Int: 10    God:
Gold: 521           SH:  4    Dex: 17    Spells: 11/11 levels left

rFire   + . .        i - +7 lajatang of Order {silver, rMut}
rCold   + . .        (shield currently unavailable)
rNeg    . . .        f - +3 chain mail {rC+}
rPois   .            (helmet restricted)
rElec   +            b - +2 cloak {rCorr}
rCorr   +            (no gloves)
SInv    .            G - +0 pair of boots of Bedevilment {Rampage rElec rF+ Will+}
Will    +....        (no amulet) Stlth
                     k - ring of flight
HPRegen 0.35/turn    z - +5 ring of evasion
MPRegen 0.13/turn

%: resist mutation, rampage
@: mighty, agile, flying, lightly drained
A: horns 1, large bone plates 1, powered by pain 2, spiny 1
a: no special abilities


You were on level 12 of the Dungeon.
You visited 2 branches of the dungeon, and saw 13 of its levels.
You also visited: Ossuary and Bailey.

You collected 521 gold pieces.

Inventory:

Hand Weapons
 i - the +7 lajatang of Order (weapon) {silver, rMut}
   (You acquired it on level 4 of the Dungeon)

   rMut:      It protects you from mutation.
 r - a +2 heavy hammer
 t - a -3 executioner's axe
 B - a +5 morningstar
 E - the +2 quarterstaff of Xorghosen {freeze, rPois rF+}
   (You found it in a bailey)

   rF+:       It protects you from fire.
   rPois:     It protects you from poison
Missiles
 e - 80 stones (quivered)
 m - 46 poisoned darts
 o - 13 boomerangs
 R - 7 curare-tipped darts
Armour
 b - a +2 cloak of preservation (worn)
 c - a +0 buckler
 f - a +3 chain mail of cold resistance (worn)
 g - an orb of energy
 D - a +2 robe of resistance
 G - the +0 pair of boots of Bedevilment (worn) {Rampage rElec rF+ Will+}
   (You acquired it on level 10 of the Dungeon)

   rF+:       It protects you from fire.
   rElec:     It insulates you from electricity.
   Will+:     It increases your willpower.
   Rampage:   It bestows one free step when moving towards enemies.
 I - a +3 plate armour
Magical Staves
 a - a staff of poison
 F - a staff of air
Jewellery
 k - a ring of flight (left hand)
 z - a +5 ring of evasion (right hand)
 M - a ring of positive energy
 T - a ring of magical power
 W - a ring of protection from cold
Talismans
 x - a beast talisman
Wands
 y - a wand of iceblast (21)
 A - a wand of flame (21)
 C - a wand of polymorph (3)
 N - a wand of mindburst (5)
Scrolls
 h - a scroll of enchant weapon
 l - 2 scrolls of immolation
 n - 3 scrolls of fog
 s - a scroll of vulnerability
 w - a scroll of poison
 H - a scroll of fear
 K - 3 scrolls of blinking
 L - 3 scrolls of teleportation
 P - a scroll of brand weapon
 Q - a scroll of enchant armour
 S - a scroll of identify
Potions
 d - a potion of might
 j - 6 potions of lignification
 p - a potion of ambrosia
 q - 2 potions of haste
 u - 2 potions of resistance
 v - a potion of heal wounds
 J - 2 potions of magic
 U - 2 potions of curing
 V - a potion of attraction
 X - a potion of brilliance
Miscellaneous
 O - a phantom mirror


   Skills:
 - Level 9.0 Fighting
 - Level 3.0 Short Blades
 - Level 4.0 Staves
 - Level 4.0 Throwing
 + Level 8.5 Armour
 - Level 8.0 Dodging
 - Level 4.0 Stealth
 - Level 8.0 Shields
 - Level 4.0 Evocations
 - Level 4.0 Shapeshifting


You had 11 spell levels left.
You didn't know any spells.
Your spell library contained the following spells:

 Spells                   Type           Power      Damage    Failure   Level
 Necrotise                Necr           0%         1d4       96%         1
 Ozocubu's Armour         Ice            0%         N/A       100%        3
 Portal Projectile        Hex/Tloc       0%         N/A       100%        3
 Tukima's Dance           Hex            0%         N/A       100%        3
 Vampiric Draining        Necr           0%         2d6       100%        3
 Iskenderun's Mystic Bla  Conj/Tloc      0%         2d3       100%        4
 Passage of Golubria      Tloc           0%         N/A       100%        4
 Agony                    Necr           0%         N/A       100%        5
 Metabolic Englaciation   Hex/Ice        0%         N/A       100%        5
 Yara's Violent Unravell  Hex/Tmut       0%         3d3       100%        5
 Simulacrum               Ice/Necr       0%         N/A       100%        6


Dungeon Overview and Level Annotations

Branches:
Dungeon (12/15)            Temple (1/1) D:6            Lair (0/5) D:8
    Orc (0/2) D:11        Ossuary (visited)          Bailey (visited)

Altars:
Ashenzari
Cheibriados
Dithmenos
Fedhas
Gozag
Hepliaklqana
Kikubaaqudgha
Makhleb
Nemelex Xobeh
Okawaru
Qazlal
Ru
Sif Muna
Trog
Uskayaw
Vehumet
Wu Jian
Xom
Yredelemnul

Shops:
D:3 :   D:11 =

Annotations:
D:11 3 runed translucent doors
D:12 Rupert


Innate Abilities, Weirdness & Mutations

You have a pair of small horns on your head.
You are partially covered in large bone plates. (SH +4)
You sometimes gain power by taking damage.
You are partially covered in sharp spines.


Message History

You feel less confused. Rupert is struck by your spines.
Rupert completely misses you. You block Rupert's attack.
You slice Rupert!! You headbutt Rupert, but do no damage.
Rupert is lightly wounded.
Rupert barely misses you.
Rupert hits you with a +1 great mace of protection!!
You focus on the pain.
You feel very mighty all of a sudden.
You barely miss Rupert. You headbutt Rupert!
Rupert is moderately wounded.
Rupert barely misses you.
Rupert hits you with a +1 great mace of protection.
You hit Rupert.
Rupert is moderately wounded.
Rupert closely misses you.
You hit Rupert.
Rupert is moderately wounded.
Rupert completely misses you. Rupert misses you.
You hit Rupert but do no damage. You headbutt Rupert!
Rupert is moderately wounded.
Rupert hits you but does no damage. Rupert closely misses you.
You slice Rupert!!
Rupert is moderately wounded.
Rupert closely misses you. Rupert misses you.
You barely miss Rupert. Your headbutt misses Rupert.
Rupert is moderately wounded.
Rupert is struck by your spines.
Rupert hits you with a +1 great mace of protection!
Rupert completely misses you.
You slash Rupert!
Rupert is heavily wounded.
Rupert is struck by your spines.
Rupert hits you with a +1 great mace of protection!!
* * * LOW HITPOINT WARNING * * *
You feel much better.
Rupert hits you with a +1 great mace of protection!
* * * LOW HITPOINT WARNING * * *
Rupert hits you with a +1 great mace of protection!
You die...

#..........###
########.###
#......#
#.######
##'########
#.........#
#.........#
#.........# #
#.......@@#.+
#.........'.#
#.........###
#.........#
###########


You could see Rupert (berserk).

Vanquished Creatures
  3 two-headed ogres
  Sonja (D:11)
  Nergalle (D:11)
  An obsidian statue (D:11)
  An ugly thing (D:10)
  A manticore (D:12)
  Maurice (D:10)
  A gargoyle (D:11)
  Jeremiah (D:8)
  4 kobold demonologists
  A meliai (shapeshifter) (D:10)
  A troll (D:10)
  A hornet (D:9)
  Grinder (D:4)
  The ghost of hgbash the Changeling, an amateur SpSh (D:5)
  A wyvern (D:8)
  A shadow (D:10)
  18 yaks
  A fire bat (D:11)
  A steam dragon (D:8)
  An acid dragon (D:9)
  Edmund (D:6)
  A water moccasin (D:6)
  15 orc warriors
  A sky beast (D:8)
  4 ice beasts
  4 centaurs
  A phantom (D:6)
  14 kobold brigands
  A bullfrog (D:8)
  9 scorpions
  4 wights (D:7)
  10 killer bees
  6 howler monkeys
  5 electric eels (Bailey)
  2 lava snakes (D:10)
  A centaur zombie (Ossuary)
  4 orc priests
  2 human zombies (Ossuary)
  4 hounds
  Crazy Yiuf (D:4)
  12 orc wizards
  An iguana (D:5)
  3 mummies
  11 adders
  6 gnolls
  A shadow imp (D:3)
  A white imp (D:8)
  An ufetubus (D:4)
  3 adder zombies (Ossuary)
  2 worms
  2 dart slugs
  30 orcs
  2 ball pythons (D:2)
  6 bats
  8 endoplasms
  4 giant cockroaches
  13 goblins
  13 hobgoblins
  5 jackals
  A quokka (D:2)
  6 frilled lizards
  A goblin zombie (Ossuary)
  10 hobgoblin zombies (Ossuary)
  A jackal zombie (Ossuary)
  15 kobolds
  10 kobold zombies (Ossuary)
  8 orc zombies (Ossuary)
  6 rats
  A rat zombie (Ossuary)
316 creatures vanquished.

Notes
Turn   | Place    | Note
-------+----------+-------------------------------------------
     0 | D:1      | IdlyInterested the Demonspawn Fighter began the quest for
                  | the Orb.
     0 | D:1      | Reached XP level 1. HP: 18/18 MP: 1/1
   176 | D:1      | Reached skill level 1 in Throwing
   271 | D:1      | Gained mutation: You sometimes gain a little power by
                  | taking damage. [demonic ancestry]
   271 | D:1      | Reached XP level 2. HP: 20/24 MP: 2/2
   691 | D:1      | Reached skill level 1 in Stealth
  1259 | D:2      | Reached skill level 1 in Dodging
  1265 | D:2      | Reached XP level 3. HP: 29/29 MP: 3/3
  2106 | D:3      | Reached XP level 4. HP: 18/35 MP: 4/4
  2341 | D:3      | Found a hazy altar of Hepliaklqana.
  2341 | D:3      | Found a burning altar of Makhleb.
  2521 | D:3      | Found Darubb's Book Shoppe.
  3125 | D:4      | Identified a scroll of acquirement
  3125 | D:4      | Acquired the +7 lajatang of Order {silver, rMut}
  3125 | D:4      | Found the +7 lajatang of Order {silver, rMut}
  3184 | D:4      | Gained mutation: You are partially covered in large bone
                  | plates. (SH +4) [demonic ancestry]
  3184 | D:4      | Reached XP level 5. HP: 28/42 MP: 5/5
  3272 | D:4      | Noticed Grinder
  3279 | D:4      | HP: 2/42 [Grinder/nerve-wracking pain (6)]
  3280 | D:4      | Paralysed by Grinder for 5 turns
  3286 | D:4      | Killed Grinder
  3287 | D:4      | Reached skill level 4 in Fighting
  3287 | D:4      | Gained mutation: You have a pair of small horns on your
                  | head. [demonic ancestry]
  3287 | D:4      | Reached XP level 6. HP: 47/48 MP: 6/6
  3893 | D:4      | Found a runed translucent door.
  3894 | D:4      | Noticed Crazy Yiuf
  3898 | D:4      | Killed Crazy Yiuf
  3952 | D:5      | Entered Level 5 of the Dungeon
  3952 | D:5      | Found an iron altar of Okawaru.
  4034 | D:5      | Reached XP level 7. HP: 55/55 MP: 7/7
  4149 | D:5      | Found a sand-covered staircase.
  4157 | Ossuary  | Entered an ossuary
  4343 | Ossuary  | Reached skill level 5 in Fighting
  4353 | Ossuary  | Reached skill level 1 in Staves
  4624 | D:5      | Found a runed translucent door.
  4624 | D:5      | Noticed hgbash's ghost (amateur SpSh)
  4636 | D:5      | Killed hgbash's ghost
  4637 | D:5      | Reached skill level 5 in Armour
  4912 | D:5      | Found a broken altar of Ashenzari.
  5198 | D:6      | Found a staircase to the Ecumenical Temple.
  5203 | D:6      | Reached XP level 8. HP: 62/62 MP: 8/8
  5223 | D:6      | Reached skill level 5 in Dodging
  5225 | Temple   | Entered the Ecumenical Temple
  5337 | D:6      | Noticed Edmund
  5345 | D:6      | Killed Edmund
  5448 | D:6      | Reached skill level 6 in Fighting
  6365 | D:7      | Reached XP level 9. HP: 65/69 MP: 9/9
  7111 | D:8      | Noticed Jeremiah
  7121 | D:8      | Found a staircase to the Lair.
  7128 | D:8      | Killed Jeremiah
  7129 | D:8      | Reached skill level 5 in Shields
  7199 | D:8      | Found a sparkling altar of Nemelex Xobeh.
  7237 | D:8      | Found a flagged portal.
  7248 | Bailey   | Entered a bailey
  7431 | Bailey   | Reached skill level 1 in Evocations
  7444 | Bailey   | Reached skill level 1 in Shapeshifting
  7741 | Bailey   | Gained mutation: You sometimes gain power by taking damage.
                  | [demonic ancestry]
  7741 | Bailey   | Reached XP level 10. HP: 40/76 MP: 10/10
  7900 | Bailey   | Found an iron altar of Okawaru.
  7908 | Bailey   | Noticed a sixfirhy
  7926 | Bailey   | Noticed a soul eater
  7949 | Bailey   | Identified the +2 quarterstaff of Xorghosen {freeze, rPois
                  | rF+}
  8093 | Bailey   | Reached skill level 7 in Fighting
  9287 | D:9      | Found a blossoming altar of Fedhas.
 10401 | D:10     | Entered Level 10 of the Dungeon
 10683 | D:10     | Reached skill level 8 in Fighting
 10692 | D:10     | Gained mutation: You are partially covered in sharp spines.
                  | [demonic ancestry]
 10692 | D:10     | Reached XP level 11. HP: 73/86 MP: 11/11
 11009 | D:10     | Noticed a two-headed ogre
 11017 | D:10     | Killed a two-headed ogre
 11212 | D:10     | Noticed a two-headed ogre
 11217 | D:10     | Killed a two-headed ogre
 11278 | D:10     | Noticed Maurice
 11288 | D:10     | Killed Maurice
 11390 | D:10     | Found an ancient bone altar of Kikubaaqudgha.
 11510 | D:10     | Noticed a green ugly thing
 11521 | D:10     | Killed a green ugly thing
 11877 | D:10     | Acquired the +0 pair of boots of Bedevilment {Rampage rElec
                  | rF+ Will+}
 11888 | D:11     | Noticed Nergalle
 11895 | D:11     | Killed Nergalle
 11908 | D:11     | Noticed a two-headed ogre
 11926 | D:11     | Killed a two-headed ogre
 11939 | D:11     | Found Xacrir Nuwk's Jewellery Shoppe.
 12074 | D:11     | Found a runed translucent door.
 12091 | D:11     | Found a runed translucent door.
 12116 | D:11     | Found a runed translucent door.
 12169 | D:11     | Found a runed translucent door.
 12184 | D:11     | Noticed Psyche
 12189 | D:11     | Psyche changed into Psyche the fire bat
 12189 | D:11     | Noticed Psyche
 12192 | D:11     | Killed Psyche the fire bat
 12316 | D:11     | Found a staircase to the Orcish Mines.
 12355 | D:11     | Noticed Sonja
 12368 | D:11     | Killed Sonja
 12369 | D:11     | Reached XP level 12. HP: 33/82 MP: 12/12
 12828 | D:11     | Reached skill level 9 in Fighting
 13016 | D:12     | Noticed Rupert
 13031 | D:12     | Slain by Rupert

Illustrated notes

Levels and vault maps discovered:
D:1:      ncdulo_watergridlock, layout_loops_corners,
          dreamdust_princess_corridor
D:2:      layout_loops_cross
D:3:      layout_basic, mainiacjoe_overflow_divided_tiny, serial_shops,
          nicolae_lakefront_shop, nicolae_kite_square_tiling_tiny
D:4:      layout_loops_ring, grunt_decor_arrowhead, uniq_grinder,
          uniq_crazy_yiuf_cottage
D:5:      layout_loops_cross, mainiacjoe_overflow_chevrons,
          mainiacjoe_overflow_alcove_4, gup_ossuary_entry_pyramid,
          hellmonk_ghost_happy_afterlife
D:6:      layout_basic, minmay_temple_entry_grid, uniq_edmund
D:7:      layout_gridville, zin_treasury
D:8:      old_forge, layout_loops_ring, kennysheep_mini, dpeg_oklobed_lair,
          enter_bailey_2, uniq_jeremiah
D:9:      layout_roguey, fedhas_altar_1
D:10:     layout_long_grid, nicolae_kikubaaqudgha_miasma_corner, special_room
          [special_room_kobold], serial_park_tiny_pond, kennysheep_island_fort,
          uniq_maurice
D:11:     layout_basic, orc_0_dummy, serial_shops, shop,
          minmay_statue_crystal_thing, uniq_psyche, uniq_sonja, uniq_nergalle
D:12:     layout_roguey, portal_ice_cave_entry_imps, hangedman_fish_farm,
          uniq_lodul, uniq_nessos, uniq_rupert
Temple:   dpeg_chambers_temple

Skill      XL: |  1  2  3  4  5  6  7  8  9 10 11 12 |
---------------+-------------------------------------+-----
Short Blades   | 2 3 |  3.0
Throwing       | 1 2 3 4 |  4.0
Stealth        | 1 2 3 4 |  4.0
Armour         | 3 4 5 6 7 8 |  8.5
Dodging        | 1 2 3 4 5 6 7 8 |  8.0
Fighting       | 4 5 6 8 9 |  9.0
Staves         | 2 3 4 |  4.0
Shields        | 6 7 8 |  8.0
Evocations     | 3 4 |  4.0
Shapeshifting  | 2 3 4 |  4.0

Action                     |  1- 3 |  4- 6 |  7- 9 | 10-12 || total
---------------------------+-------+-------+-------+-------++-------
  Melee: Rapier            |   163 |    59 |       |       ||   222
         Lajatang          |       |    69 |   288 |   407 ||   764
         Headbutt          |       |    11 |    48 |    89 ||   148
         Unarmed           |       |       |    16 |       ||    16
  Throw: Stone             |       |       |    23 |    14 ||    37
         Dart              |       |       |       |     1 ||     1
  Evoke: Wand              |       |       |       |     6 ||     6
    Use: Potion            |     3 |     4 |     2 |     1 ||    10
         Scroll            |     2 |     5 |     5 |     8 ||    20
   Stab: Sleeping          |       |       |     1 |     4 ||     5
 Armour: Scale mail        |    14 |    50 |    33 |       ||    97
         Chain mail        |    56 |       |    29 |    73 ||   158
         Skin              |       |       |    14 |       ||    14
         Robe              |       |       |    11 |    41 ||    52
  Dodge: Dodged            |    49 |    60 |   201 |   381 ||   691
  Block: Buckler           |    35 |    12 |       |       ||    47
         Other             |       |     6 |    39 |    90 ||   135

Table legend: (Time is in decaauts)
 A = Elapsed time spent in this place.
 B = Non-inter-level travel time spent in this place.
 C = Inter-level travel time spent in this place.
 D = Time resting spent in this place.
 E = Time spent auto-exploring this place.
 F = Levels seen in this place.
 G = Mean time per level.
                   A        B        C        D        E       F      G
               +--------+--------+--------+--------+--------+-----+--------+
         Total |  13261 |  11685 |   1576 |   2253 |   6168 |  15 |  884.1 |
       Dungeon |  11928 |  10352 |   1576 |   1979 |   5895 |  12 |  994.0 |
        Temple |      1 |      1 |      0 |      0 |      0 |   1 |    1.0 |
       Ossuary |    337 |    337 |      0 |     48 |      0 |   1 |  337.0 |
        Bailey |    993 |    993 |      0 |    226 |    273 |   1 |  993.0 |
               +--------+--------+--------+--------+--------+-----+--------+

Top non-repeatable levels by time:
    D:10: 1499 daAuts
     D:9: 1273 daAuts
     D:8: 1253 daAuts
     D:1: 1167 daAuts
     D:3: 1119 daAuts
     D:6: 1040 daAuts
  Bailey: 993 daAuts
     D:4: 957 daAuts
    D:11: 952 daAuts
     D:5: 937 daAuts
     D:2: 800 daAuts
     D:7: 782 daAuts
 Ossuary: 337 daAuts
    D:12: 144 daAuts
  Temple: 1 daAuts
